 Dungeon Crawl Stone Soup version 0.31-a0-424-g41b3b0883d (webtiles) character file.

Game seed: 16896671505025471389

32 Bnni the Shooter (level 3, -4/22 HPs)
             Began as a Tengu Hunter on July 30, 2023.
             Slain by a steam dragon (7 damage)
             ... on level 4 of the Dungeon.
             The game lasted 00:01:11 (621 turns).

Bnni the Shooter (Tengu Hunter)                      Turns: 621, Time: 00:01:11

Health: -4/22      AC:  3    Str: 11    XL:     3   Next: 27%
Magic:  4/4        EV: 12    Int:  9    God:
Gold:   68         SH:  0    Dex: 19    Spells: 2/2 levels left

rFire   . . .        a - +0 shortbow
rCold   . . .        (shield currently unavailable)
rNeg    . . .        c - +0 leather armour
rPois   .            (helmet restricted)
rElec   .            (no cloak)
rCorr   .            (no gloves)
SInv    .            (boots unavailable)
Will    .....        (no amulet)
Stlth   ++           (no ring)
HPRegen 0.23/turn    (no ring)
MPRegen 0.09/turn

%: no passive effects
@: no status effects
A: beak, talons 3
a: no special abilities


You were on level 4 of the Dungeon.
You visited 1 branch of the dungeon, and saw 3 of its levels.

You collected 68 gold pieces.

Inventory:

Hand Weapons
 a - a +0 shortbow (weapon)
Armour
 c - a +0 leather armour (worn)
Scrolls
 b - a scroll of butterflies
 d - a scroll of silence {unknown}
 e - a scroll of identify {unknown}
 f - a scroll of immolation {unknown}


   Skills:
 + Level 2.6 Fighting
 * Level 5.2 Ranged Weapons
 - Level 2.1 Dodging
 - Level 1.0 Stealth


You had 2 spell levels left.
You didn't know any spells.
Your spell library was empty.

Dungeon Overview and Level Annotations

Branches:
Dungeon (2/15)

Altars:


Innate Abilities, Weirdness & Mutations

You have a beak for a mouth.
You have claws for feet.


Message History

There are monsters nearby!
You shoot an arrow. The orc shouts!
The arrow hits the steam dragon.
The steam dragon is lightly wounded.
The steam dragon closely misses you. x2
Okay, then.
You shoot an arrow.
The arrow completely misses the steam dragon.
The arrow closely misses the goblin.
The steam dragon barely misses you. The steam dragon claws you.
Unknown command.
You shoot an arrow. The arrow hits the steam dragon.
The steam dragon is moderately wounded.
The steam dragon bites you! The steam dragon barely misses you.
A goblin comes into view. It is wielding a +0 dagger.
Unknown command.
You are too injured to fight recklessly!
Unknown command.
You are too injured to fight recklessly!
Unknown command.
You shoot an arrow.
The arrow closely misses the steam dragon.
The goblin shouts!
The arrow hits the goblin.
You kill the goblin!
The steam dragon bites you!
* * * LOW HITPOINT WARNING * * *
The steam dragon closely misses you.
You shoot an arrow. The arrow hits the steam dragon!
The steam dragon is heavily wounded.
An endoplasm comes into view.
The steam dragon barely misses you. x2
Unknown command.
You shoot an arrow. The endoplasm quivers.
The arrow hits the steam dragon but does no damage.
The steam dragon is heavily wounded.
The steam dragon bites you!
You die...

##.........#
#..........#
#.........##
##.........# #
#..........# ..
#.........## #...
#.........# .....
##..).....###......
.
#......).##@D).....
#.
#....J....o###.....
#.#.......#### ...
#........## .
##......## #.#...##
#.##### #


You could see a steam dragon, an orc and an endoplasm.

Vanquished Creatures
  A dart slug (D:1)
  3 endoplasms
  8 giant cockroaches (D:1)
  2 hobgoblins (D:1)
  3 kobolds
  2 quokkas (D:1)
  2 ball pythons (D:1)
  3 bats (D:1)
  A goblin (D:4)
  A rat (D:1)
26 creatures vanquished.

Notes
Turn   | Place    | Note
-------+----------+-------------------------------------------
     0 | D:1      | Bnni the Tengu Hunter began the quest for the Orb.
     0 | D:1      | Reached XP level 1. HP: 12/12 MP: 2/2
    48 | D:1      | Reached XP level 2. HP: 17/17 MP: 3/3
   167 | D:1      | Reached skill level 5 in Ranged Weapons
   244 | D:1      | Reached XP level 3. HP: 19/22 MP: 4/4
   580 | D:2      | You fall into a shaft and drop 2 floors!
   614 | D:4      | Noticed a steam dragon
   621 | D:4      | Slain by a steam dragon

Illustrated notes

Levels and vault maps discovered:
D:1:      minmay_arrival_wavy_path, layout_basic, minmay_worlds_worst_comb
D:2:      layout_loops_ring
D:4:      layout_cave_pods, makhleb_heckhound_becter, serial_shops,
          nicolae_shop_gaudy_bauble, uniq_eustachio, uniq_menkaure

Skill      XL: |  1  2 |
---------------+-------+-----
Ranged Weapons | 5 |  5.2
Fighting       | |  2.6
Dodging        | |  2.1
Stealth        | |  1.0

Action                     || total
---------------------------++-------
   Fire: Shortbow          ||    78
 Armour: Leather armour    ||     4
  Dodge: Dodged            ||    22

Table legend: (Time is in decaauts)
 A = Elapsed time spent in this place.
 B = Non-inter-level travel time spent in this place.
 C = Inter-level travel time spent in this place.
 D = Time resting spent in this place.
 E = Time spent auto-exploring this place.
 F = Levels seen in this place.
 G = Mean time per level.
                   A        B        C        D        E       F      G
               +--------+--------+--------+--------+--------+-----+--------+
         Total |    635 |    605 |     30 |      0 |    476 |   3 |  211.7 |
       Dungeon |    635 |    605 |     30 |      0 |    476 |   3 |  211.7 |
               +--------+--------+--------+--------+--------+-----+--------+

Top non-repeatable levels by time:
     D:1: 584 daAuts
     D:4: 43 daAuts
     D:2: 6 daAuts
